 Dungeon Crawl Stone Soup version 0.31-a0-188-g5e087ee2ca (webtiles) character file.

Game seed: 13196509160232956090

98 qw the Shooter (level 4, -2/25 HPs)
             Began as a Deep Elf Hunter on June 22, 2023.
             Slain by Sigmund
             ... wielding a +0 scythe
              (7 damage)
             ... on level 2 of the Dungeon.
             The game lasted 00:00:29 (1433 turns).

qw the Shooter (Deep Elf Hunter)                    Turns: 1433, Time: 00:00:29

Health: -2/25      AC:  3    Str: 10    XL:     4   Next: 43%
Magic:  6/6        EV: 12    Int: 14    God:
Gold:   60         SH:  0    Dex: 18    Spells: 3/3 levels left

rFire   . . .        Y - +0 shortbow
rCold   . . .        (shield currently unavailable)
rNeg    . . .        c - +0 leather armour
rPois   .            (no helmet)
rElec   .            (no cloak)
rCorr   .            (no gloves)
SInv    .            (no boots)
Will    .....        (no amulet)
Stlth   ++           (no ring)
HPRegen 0.24/turn    (no ring)
MPRegen 0.10/turn

%: no passive effects
@: no status effects
A: no striking features
a: no special abilities


You were on level 2 of the Dungeon.
You visited 1 branch of the dungeon, and saw 2 of its levels.

You collected 60 gold pieces.


   Skills:
 - Level 1.5 Fighting
 + Level 7.9 Ranged Weapons
 - Level 2.4 Dodging
 - Level 1.2 Stealth


You had 3 spell levels left.
You didn't know any spells.
Your spell library was empty.

Inventory:

Hand Weapons
 Y - a +0 shortbow (weapon)
Armour
 c - a +0 leather armour (worn)
 d - a +0 ring mail
Scrolls
 b - a scroll of fear {unknown}
 e - a scroll of identify
Potions
 a - a potion of heal wounds {unknown}

Dungeon Overview and Level Annotations

Branches:
Dungeon (2/15)

Altars:

Shops:
D:2 =

Annotations:
D:2 Sigmund


Message History

A rat comes into view.
Enter note:
Enter note:
Enter note:
Enter note:
Enter note:
Enter note: You shoot an arrow.
The arrow hits the rat.
You kill the rat!
You see here a rat corpse.
You now have 60 gold pieces (gained 9).
Sigmund the Dreaded comes into view.
He is wielding a +0 scythe.
Sigmund shouts!
Enter note:
Enter note:
Enter note:
Enter note:
Enter note:
Enter note:
Enter note:
Enter note:
Enter note: You shoot an arrow.
The arrow hits Sigmund but does no damage.
You shoot an arrow.
The arrow hits Sigmund but does no damage.
Sigmund casts a spell.
Sigmund flickers and vanishes!
Deactivating autopickup; reactivate with Ctrl-A.
You shoot an arrow. You shoot an arrow.
A magic dart appears from out of thin air!
The magic dart hits you!
You shoot an arrow. Something barely misses you.
You shoot an arrow. Something hits you!
You shoot an arrow. Something hits you!
You die...

.......'.................#
....####.................#
##.##
##.......#.##....)..# #.#
##.....##.##.###.#.# #.#
##...###.##.# .# # #.#
##+## #.##.. # #.# #.#
#..... #.#######.#.
##.##.@.{..#
##...#.###..... #......#
.. ..# ##...#.#.#.# #
#######.##.....#
...............#
#######.##.....#
#.######## #.#


There were no monsters in sight!

Vanquished Creatures
  Natasha (twice) (D:2)
  An adder (D:2)
  A worm (D:2)
  3 dart slugs (D:1)
  4 bats
  4 endoplasms (D:1)
  A giant cockroach (D:1)
  3 goblins (D:1)
  3 hobgoblins (D:1)
  2 ball pythons
  3 frilled lizards (D:1)
  A kobold (D:2)
  4 rats
32 creatures vanquished.

Notes
Turn   | Place    | Note
-------+----------+-------------------------------------------
     0 | D:1      | qw the Deep Elf Hunter began the quest for the Orb.
     0 | D:1      | Reached XP level 1. HP: 12/12 MP: 3/3
     0 | D:1      | 0 ||| qw: Version: 0.3-a-9-g12657ce
     0 | D:1      | 0 ||| qw: Game counter: 2974
     0 | D:1      | 0 ||| qw: Always use a shield: true
     0 | D:1      | 0 ||| qw: God list: Okawaru
     0 | D:1      | 0 ||| qw: Allow faded altars: false
     0 | D:1      | 0 ||| qw: Do Orc after D:15 true
     0 | D:1      | 0 ||| qw: Do second Lair branch before Depths: true
     0 | D:1      | 0 ||| qw: Lair rune preference: random
     0 | D:1      | 0 ||| qw: Plans: Normal
     0 | D:1      | 0 ||| PLANNING D:1-11
   105 | D:1      | 105 ||| Stepping ~*~*~tactically~*~*~ (outnumbered).
   131 | D:1      | Reached skill level 6 in Ranged Weapons
   131 | D:1      | Reached XP level 2. HP: 16/16 MP: 4/4
   663 | D:1      | 663 ||| FLEEEEING.
   664 | D:1      | 664 ||| FLEEEEING.
   708 | D:1      | Reached XP level 3. HP: 19/20 MP: 5/5
   827 | D:1      | 827 ||| READING scroll labelled GOTHU UBBUB.
   828 | D:1      | 828 ||| READING scroll labelled YMIFAN BORRI.
   829 | D:1      | 829 ||| READING scroll labelled REHECR GUHOIDU.
   833 | D:1      | 833 ||| DRINKING 2 fizzy dark potions.
   834 | D:1      | 834 ||| DROPPING scroll of butterflies.
   835 | D:1      | 835 ||| DROPPING potion of invisibility.
   879 | D:2      | Noticed Natasha
   897 | D:2      | Killed Natasha
   898 | D:2      | Reached skill level 7 in Ranged Weapons
   902 | D:2      | HP: 5/20 [ball python (3)]
   903 | D:2      | HP: 2/20 [ball python (3)]
  1120 | D:2      | Reached XP level 4. HP: 13/25 MP: 6/6
  1249 | D:2      | Noticed Natasha
  1252 | D:2      | Killed Natasha
  1311 | D:2      | Found Puuzabl Emamp's Jewellery Shoppe.
  1316 | D:2      | 1316 ||| SHOPLISTING amulet of the acrobat (300 gold, have
                  | 51).
  1316 | D:2      | 1316 ||| SHOPLISTING ring of ice (250 gold, have 51).
  1316 | D:2      | 1316 ||| SHOPLISTING ring of poison resistance (200 gold,
                  | have 51).
  1316 | D:2      | 1316 ||| SHOPLISTING ring of resist corrosion (200 gold,
                  | have 51).
  1316 | D:2      | 1316 ||| SHOPLISTING ring of see invisible (150 gold, have
                  | 51).
  1426 | D:2      | Noticed Sigmund
  1432 | D:2      | HP: 5/25 [something (11)]
  1433 | D:2      | Slain by Sigmund

Levels and vault maps discovered:
D:1:      lemuel_arrival_muddy, layout_basic
D:2:      layout_loops_corners, serial_shops, nicolae_shop_hallway_plus,
          uniq_natasha, uniq_sigmund, uniq_crazy_yiuf_cottage

Skill      XL: |  1  2  3 |
---------------+----------+-----
Ranged Weapons | 6 7 |  7.9
Fighting       | |  1.5
Dodging        | |  2.4
Stealth        | |  1.2

Action                     |  1- 3 |  4- 6 || total
---------------------------+-------+-------++-------
   Fire: Shortbow          |   103 |    17 ||   120
    Use: Scroll            |     3 |       ||     3
         Potion            |     1 |       ||     1
 Armour: Leather armour    |     9 |       ||     9
  Dodge: Dodged            |    25 |     1 ||    26

Table legend:
 A = Non-vault XP
 B = Vault XP
 C = Vault XP percentage of total XP
 D = Non-vault monster count
 E = Vault monster count
 F = Vault count percentage of total count
                 A         B        C        D         E       F
            +---------+---------+-------+---------+---------+-------
      Total |     104 |      36 |  25.7 |      31 |       1 |   3.1
            +---------+---------+-------+---------+---------+-------
        D:1 |      45 |       0 |   0.0 |      24 |       0 |   0.0
        D:2 |      59 |      36 |  37.9 |       7 |       1 |  12.5
            +---------+---------+-------+---------+---------+-------
